 Dungeon Crawl Stone Soup version 0.31-a0-542-gdc2a67831c (webtiles) character file.

Game seed: 16472279940792107255

1106 LustLizard the Ruffian (level 8, 0/52 HPs)
             Began as an Octopode Shapeshifter on Aug 8, 2023.
             Was an Elder of Vehumet.
             Slain by a gnoll
             ... wielding a +0 flail
              (14 damage)
             ... on level 5 of the Dungeon on Aug 14, 2023.
             The game lasted 00:12:01 (6275 turns).

LustLizard the Ruffian (Octopode Shapeshifter)      Turns: 6275, Time: 00:12:01

Health: 0/52       AC:  1    Str: 14    XL:     8   Next: 33%
Magic:  11/12      EV: 13    Int: 13    God:    Vehumet [****..]
Gold:   361        SH:  0    Dex: 17    Spells: 8/12 levels left

rFire   . .          .
                       - Unarmed
rCold   . . .        (no shield)
rNeg    . . .        (helmet currently unavailable)
rPois   +            (no amulet)
rElec   .            k - ring of see invisible
rCorr   .            c - ring of Atefodgh {rPois Dex+5 Slay+2}
SInv    +            (no ring)
Will    .....        (no ring)
Stlth   ++++         (no ring)
HPRegen 0.28/turn    (no ring)
MPRegen 0.13/turn    (no ring)
                     (no ring)

%: no passive effects
@: beast-form
A: beast (slay +2), almost no armour, amphibious, 8 rings, camouflage 1,
gelatinous body 1, (nimble swimmer 1), tentacles
a: Begin Untransformation, Renounce Religion


You were on level 5 of the Dungeon.
You worshipped Vehumet.
Vehumet was greatly pleased with you.
You were a hulking beast.
You visited 1 branch of the dungeon, and saw 5 of its levels.
You also visited: Sewer.

You collected 383 gold pieces.
You spent 22 gold pieces at shops.

Inventory:

Missiles
 j - 24 poisoned darts
 p - a curare-tipped dart
Jewellery
 c - the ring of Atefodgh (right tentacle) {rPois Dex+5 Slay+2}
   (You found it on level 4 of the Dungeon)

   [ring of poison resistance]

   Dex+5:     It affects your dexterity (+5).
   Slay+2:    It affects your accuracy & damage with ranged weapons and melee
   (+2).
   rPois:     It protects you from poison
 k - a ring of see invisible (left tentacle)
Talismans
 b - a beast talisman (active)
Wands
 l - a wand of paralysis (10)
Scrolls
 d - 2 scrolls of teleportation {unknown}
 f - 3 scrolls of revelation {unknown}
 m - a scroll of immolation {unknown}
 n - 3 scrolls of enchant weapon {unknown}
 o - 2 scrolls of summoning {unknown}
 q - a scroll of fear {unknown}
 r - a scroll of enchant armour {unknown}
Potions
 a - a potion of lignification
 e - a potion of brilliance
 g - 2 potions of attraction
 h - 2 potions of might
 i - a potion of haste
 s - a potion of curing
 t - a potion of degeneration {unknown}


   Skills:
 + Level 3.4 Fighting
 - Level 2.0 Dodging
 + Level 3.9 Stealth
 * Level 5.8 Unarmed Combat
 + Level 2.7 Spellcasting
 * Level 2.6 Conjurations
 * Level 2.1 Air Magic
 * Level 2.7 Poison Magic
 + Level 4.1 Shapeshifting


You had 8 spell levels left.
You knew the following spells:

 Your Spells              Type           Power      Damage    Failure   Level
a - Magic Dart            Conj           32%        1d4       2%          1
b - Mephitic Cloud        Conj/Pois/Air  8%         N/A       7%          3

Your spell library contained the following spells:

 Spells                   Type           Power      Damage    Failure   Level
 Hailstorm                Conj/Ice       5%         3d4       11%         3
 Searing Ray              Conj           16%        2d5       3%          2
 Scorch                   Fire           2%         2d5       10%         2
 Slow                     Hex            4%         N/A       24%         1
 Flame Wave               Conj/Fire      5%         2d5       32%         4
 Fulminant Prism          Conj/Hex       2%         3d5       32%         4
 Confusing Touch          Hex            1%         N/A       56%         3
 Vampiric Draining        Necr           1%         2d6       56%         3
 Summon Cactus Giant      Summ           0%         N/A       100%        6


Dungeon Overview and Level Annotations

Branches:
Dungeon (5/15)             Temple (0/1) D:4           Sewer (visited)

Altars:
Vehumet
The Shining One

Shops:
D:1 *


Innate Abilities, Weirdness & Mutations

You are a hulking beast.
Your limbs bulge with bestial killing power. (Slay +2)
You cannot wear most types of armour.
You are amphibious.
You can wear up to eight rings at the same time.
Your skin changes colour to match your surroundings (Stealth+).
Your rubbery body absorbs attacks. (AC +1, EV +1)
((You are camouflaged when in or above water. (Stealth+)))
You have tentacles for arms and can constrict up to eight enemies at once.


Message History

Things that are here:
a +0 short sword; an orc corpse You tentacle-slap the orc priest.
You grab the orc priest. You squeeze the orc priest!
You kill the orc priest!
Vehumet accepts your kill. The orc closely misses you.
You bludgeon the orc!
You kill the orc!
Vehumet accepts your kill.
You feel your power returning. The orc hits you with a +0 club.
* * * LOW HITPOINT WARNING * * *
Unknown command.
You see here a potion of haste.
You tentacle-slap the orc.
You kill the orc!
Vehumet accepts your kill.
Vehumet is now extending the range of your destructive spells.
You see here an iguana corpse.
You see here an adder skeleton.
You see here the +7 sling of the Puffball {heavy, rCorr Dex+3}.
Aiming: Magic Dart (safe; 2% risk of failure)
Press: ? - help, Q - select action, (/) - cycle Shift-Dir - straight line, f - gnoll
Aim: a gnoll, wielding a +0 flail (100% to hit)
The magic dart hits the gnoll.
The gnoll is lightly wounded.
Unknown command.
You tentacle-slap the gnoll. Your grab misses the gnoll.
The gnoll is moderately wounded.
The gnoll hits you with a +0 flail!
* * * LOW HITPOINT WARNING * * *
You barely miss the gnoll. Your grab misses the gnoll.
Your squeeze misses the gnoll.
The gnoll is moderately wounded.
The gnoll barely misses you.
You tentacle-slap the gnoll but do no damage.
You grab the gnoll.
The gnoll is moderately wounded.
You constrict the gnoll. The gnoll hits you with a +0 flail!
You die...

#.######..........<...### #.#
#.##########...... #.# #.#
#...### #.# #.# ##### #.# #.#
#.######.# #......#.#
#######.####.#g######
#.............h.....#
#.###.#..##)<#.####.## #.#
#.#..##......#.#.## #
###.###.#..##.......###.#######.
#.......#..##..รท...##
##........
#.#.######.##.......###.#######.
#.#.# #.##......#>#.## #.#.#
#.##.##.####.##
#.#.######.##.##.# #.#


You could see a gnoll.

Vanquished Creatures
  An ogre (D:4)
  Blork the orc (D:4)
  2 kobold brigands (Sewer)
  2 howler monkeys (D:4)
  A hound (D:5)
  A jelly (D:4)
  2 gnoll boudas (D:4)
  3 orc priests
  2 iguanas (D:5)
  An orc wizard (D:4)
  9 adders
  17 gnolls (D:4)
  6 worms
  5 dart slugs
  27 orcs
  4 bats
  13 endoplasms
  4 giant cockroaches
  11 goblins
  7 hobgoblins
  17 jackals
  2 quokkas
  11 ball pythons
  3 frilled lizards (D:3)
  15 kobolds
  13 rats
180 creatures vanquished.

Notes
Turn   | Place    | Note
-------+----------+-------------------------------------------
     0 | D:1      | LustLizard the Octopode Shapeshifter began the quest for
                  | the Orb.
     0 | D:1      | Reached XP level 1. HP: 13/13 MP: 1/1
   251 | D:1      | Reached XP level 2. HP: 18/18 MP: 2/2
   488 | D:1      | Found Wycafemp's Assorted Antiques.
   494 | D:1      | Bought an inky potion for 22 gold pieces
   684 | D:2      | Upgraded the game from 0.31-a0-486-g8d68a81214 to
                  | 0.31-a0-542-gdc2a67831c
   697 | D:2      | Reached XP level 3. HP: 23/23 MP: 3/3
  1188 | D:2      | Reached XP level 4. HP: 29/29 MP: 5/5
  1513 | D:3      | Reached skill level 4 in Unarmed Combat
  1534 | D:3      | Found a faded altar of an unknown god.
  1575 | D:3      | Prayed at the altar of an unknown god.
  1575 | D:3      | Became a worshipper of Vehumet
  1575 | D:3      | Reached * piety under Vehumet
  1575 | D:3      | Offered knowledge of Freeze by Vehumet.
  1606 | D:3      | Found a glowing drain.
  1623 | D:3      | Reached skill level 1 in Spellcasting
  1751 | Sewer    | Entered a sewer
  1918 | Sewer    | Reached XP level 5. HP: 31/34 MP: 6/6
  1941 | Sewer    | Noticed a kobold brigand
  1952 | Sewer    | Killed a kobold brigand
  1953 | Sewer    | Reached skill level 1 in Stealth
  2398 | Sewer    | Offered knowledge of Searing Ray by Vehumet.
  2449 | Sewer    | Reached ** piety under Vehumet
  2488 | Sewer    | Noticed a kobold brigand
  2500 | Sewer    | Killed a kobold brigand
  2501 | Sewer    | Reached XP level 6. HP: 24/41 MP: 8/8
  2808 | D:3      | Learned a level 1 spell: Magic Dart
  3728 | D:4      | Noticed Blork the orc
  3738 | D:4      | Killed Blork the orc
  3739 | D:4      | Reached skill level 5 in Unarmed Combat
  3849 | D:4      | Identified the ring of Atefodgh {rPois Dex+5 Slay+2}
  3973 | D:4      | Reached skill level 1 in Conjurations
  4031 | D:4      | Reached XP level 7. HP: 12/45 MP: 8/10
  4265 | D:4      | Found a staircase to the Ecumenical Temple.
  4327 | D:4      | Found a glowing golden altar of the Shining One.
  4426 | D:4      | Offered knowledge of Mephitic Cloud by Vehumet.
  4431 | D:4      | Learned a level 3 spell: Mephitic Cloud
  4669 | D:4      | Reached *** piety under Vehumet
  4739 | D:4      | Reached skill level 1 in Poison Magic
  5097 | D:4      | Reached skill level 1 in Air Magic
  5235 | D:4      | Offered knowledge of Hailstorm by Vehumet.
  5436 | D:4      | Reached XP level 8. HP: 36/52 MP: 11/11
  5949 | D:5      | Entered Level 5 of the Dungeon
  5962 | D:5      | Identified the +7 sling of the Puffball {heavy, rCorr
                  | Dex+3}
  6242 | D:5      | Reached **** piety under Vehumet
  6275 | D:5      | Slain by a gnoll

Illustrated notes

Levels and vault maps discovered:
D:1:      evilmike_arrival_plus, layout_loops_ring, serial_shops,
          nicolae_shop_waterfront
D:2:      layout_basic
D:3:      layout_basic, portal_sewer_entry_b, ebering_ecumenical_altar_rust,
          minmay_tree_intersection
D:4:      lemuel_castle_with_subvaults [lemuel_castle_interior_carwin_3],
          layout_basic, mainiacjoe_overflow_six_doors_small, temple_fountains,
          uniq_blork_the_orc
D:5:      layout_loops_ring, kennysheep_little_box,
          gammafunk_temple_overflow_forgotten

Skill      XL: |  1  2  3  4  5  6  7  8 |
---------------+-------------------------+-----
Fighting       | 2 3 |  3.4
Unarmed Combat | 4 5 |  5.8
Spellcasting   | 1 2 |  2.7
Stealth        | 2 3 |  3.9
Conjurations   | 1 2 |  2.6
Poison Magic   | 2 |  2.7
Air Magic      | 1 2 |  2.1
Shapeshifting  | 4 |  4.1
Dodging        | |  2.0

Action                     |  1- 3 |  4- 6 |  7- 9 || total
---------------------------+-------+-------+-------++-------
  Melee: Unarmed           |    62 |   132 |   101 ||   295
         Constrict         |    17 |    28 |    33 ||    78
         Tentacles         |    10 |    19 |    22 ||    51
         Punch             |     1 |     6 |     1 ||     8
   Cast: Magic Dart        |       |    55 |   127 ||   182
    Use: Scroll            |       |     4 |     1 ||     5
         Potion            |       |       |     1 ||     1
   Stab: Sleeping          |     3 |     3 |     2 ||     8
 Armour: Skin              |     7 |     5 |     4 ||    16
  Dodge: Dodged            |    31 |    54 |    33 ||   118

Table legend: (Time is in decaauts)
 A = Elapsed time spent in this place.
 B = Non-inter-level travel time spent in this place.
 C = Inter-level travel time spent in this place.
 D = Time resting spent in this place.
 E = Time spent auto-exploring this place.
 F = Levels seen in this place.
 G = Mean time per level.
                   A        B        C        D        E       F      G
               +--------+--------+--------+--------+--------+-----+--------+
         Total |   6247 |   6080 |    167 |    629 |   3889 |   6 | 1041.2 |
       Dungeon |   5278 |   5111 |    167 |    629 |   3322 |   5 | 1055.6 |
         Sewer |    969 |    969 |      0 |      0 |    567 |   1 |  969.0 |
               +--------+--------+--------+--------+--------+-----+--------+

Top non-repeatable levels by time:
     D:4: 2536 daAuts
   Sewer: 969 daAuts
     D:3: 933 daAuts
     D:2: 803 daAuts
     D:1: 681 daAuts
     D:5: 324 daAuts
